 Dungeon Crawl Stone Soup version 0.23.2 (webtiles) character file.

Game seed: 2841920483360142850

18134 Borgoz the Nimble (level 12, 0/101 HPs)
             Began as a Ghoul Gladiator on Apr 3, 2019.
             Was a Follower of Ashenzari.
             Slain by a yak (8 damage)
             ... on level 1 of the Lair of Beasts.
             The game lasted 00:30:37 (13896 turns).

Borgoz the Nimble (Ghoul Gladiator)                Turns: 13896, Time: 00:30:39

Health: 0/101      AC: 21    Str: 22    XL:     12   Next: 55%
Magic:  14/14      EV: 15    Int:  8    God:    Ashenzari [*.....]
Gold:   681        SH:  0    Dex: 12    Spells: 12/16 levels left

rFire    + . .     SeeInvis +   a - +2 dagger (venom)
rCold    + . .     Gourm    .   (no shield)
rNeg     + + +     Faith    .   l - +3 scale mail {rF+}
rPois    ∞         Spirit   .   v - +2 helmet {Int+3}
rElec    .         Reflect  .   q - +2 cloak {MR+}
rCorr    .         Harm     .   c - +0 pair of gloves
MR       +....                  x - +0 pair of boots
Stlth    ++........             (no amulet)
HPRegen  0.00/turn              L - +3 ring of strength
MPRegen  0.14/turn              e - ring of see invisible

@: rotting
A: rotting body, claws 1, carnivore, cold resistance 1, negative energy
resistance 3, inhibited regeneration, torment resistance, unbreathing
a: Curse Item, Scrying, Renounce Religion


You were on level 1 of the Lair of Beasts.
You worshipped Ashenzari.
Ashenzari was aware of your devotion.
You were not hungry.

You visited 3 branches of the dungeon, and saw 14 of its levels.
You also visited: Sewer and Ossuary.

You collected 681 gold pieces.

Inventory:

Hand Weapons
 a - a +2 dagger of venom (weapon)
 b - a +2 dagger of flaming
 t - a +0 rapier
 B - a +0 dagger of freezing
Missiles
 d - 3 throwing nets (quivered)
Armour
 c - a +0 pair of gloves (worn)
 l - a +3 scale mail of fire resistance (worn)
 q - a +2 cloak of magic resistance (worn)
 v - a +2 helmet of intelligence (worn)
 x - a +0 pair of boots (worn)
Jewellery
 e - a ring of see invisible (right hand)
 k - an uncursed ring of wizardry
 L - a +3 ring of strength (left hand)
 T - an uncursed amulet of the acrobat
Wands
 m - a wand of acid (16)
 E - a wand of clouds (3)
 I - a wand of digging (4)
 Q - a wand of scattershot (9)
Scrolls
 g - 4 scrolls of teleportation
 h - 17 scrolls of remove curse
 o - 4 scrolls of fog
 z - a scroll of noise {unknown}
 F - a scroll of magic mapping
 G - a scroll of summoning {unknown}
 H - a scroll of random uselessness {unknown}
 K - a scroll of fear
 M - a scroll of enchant weapon {unknown}
 O - a scroll of vulnerability {unknown}
Potions
 u - 4 potions of flight
 A - a potion of cancellation
 C - 2 potions of haste
 R - a potion of might
Comestibles
 f - 30 rations


   Skills:
 + Level 7.8 Fighting
 * Level 9.4 Short Blades
 - Level 1.7 Throwing
 * Level 9.0 Armour
 * Level 9.5 Dodging
 + Level 8.1 Stealth
 + Level 2.5 Spellcasting
 + Level 2.9 Translocations
 + Level 3.0 Evocations


You had 12 spell levels left.
You knew the following spells:

 Your Spells              Type           Power        Failure   Level  Hunger
a - Blink                 Tloc           N/A          34%         2    ###....
b - Slow                  Hex            #.......     75%         2    ###....

Your spell library contained the following spells:

 Spells                   Type           Power        Failure   Level  Hunger
 Corona                   Hex            #......      61%         1    ##.....
 Magic Dart               Conj           #...         61%         1    ##.....
 Call Imp                 Summ           #.......     75%         2    ###....
 Portal Projectile        Hex/Tloc       #.....       77%         3    ####...
 Conjure Flame            Conj/Fire      #.......     93%         3    ####...
 Inner Flame              Hex/Fire       #.......     93%         3    ####...
 Mephitic Cloud           Conj/Pois/Air  #.......     93%         3    ####...
 Cause Fear               Hex            #.........   100%        4    #####..
 Leda's Liquefaction      Hex/Erth       #.........   100%        4    #####..
 Silence                  Hex/Air        #.........   100%        5    ######.
 Yara's Violent Unravell  Hex/Tmut       #.........   100%        5    ######.
 Deflect Missiles         Chrm/Air       #.........   100%        6    #######
 Discord                  Hex            #.........   100%        8    #######


Dungeon Overview and Level Annotations

Branches:
Dungeon (12/15)            Temple (1/1) D:4            Lair (1/6) D:10
    Orc (0/2) D:10

Altars:
Ashenzari
Cheibriados
Dithmenos
Elyvilon
Fedhas
Gozag
Hepliaklqana
Kikubaaqudgha
Makhleb
Nemelex Xobeh
Okawaru
Qazlal
Ru
Sif Muna
Trog
Uskayaw
Vehumet
Wu Jian
Xom
Yredelemnul
Zin
The Shining One

Annotations:
D:8 2 transporters, Tramtrist's ghost, novice DDHu
D:12 Frances


Innate Abilities, Weirdness & Mutations

Your body is rotting away.
You thrive on raw meat.
You are immune to poison.
You have sharp fingernails.
You are carnivorous and can eat meat at any time.
Your flesh is cold resistant. (rC+)
You are immune to negative energy. (rN+++)
You do not regenerate when monsters are visible.
You are immune to unholy pain and torment.
You can survive without breathing.


Message History

You kill the yak!
You hit the yak but do no damage.
The yak looks as sick as possible!
The yak is moderately wounded.
The yak gores you but does no damage.
You hit the yak but do no damage.
The yak looks as sick as possible!
The yak is lightly wounded.
You hit the yak.
The yak looks as sick as possible!
The yak is moderately wounded.
The yak barely misses you.
You hit the yak.
The yak looks as sick as possible!
The yak is heavily wounded.
Butcher a wolf corpse? [(y)es/(n)o/(a)ll/(q)uit/?]
You butcher the wolf corpse.
The yak barely misses you.
You butcher the wolf corpse.
The yak gores you!
You stop butchering the corpses.
* * * LOW HITPOINT WARNING * * *
You stop butchering the corpses.
You butcher the wolf corpse.
The yak completely misses you.
You butcher the wolf corpse.
The yak gores you!
You die...

#..# #....... #..#####.....#
#...........# #..........#
#..........#.... ## ##
##...........#.8
...#.##..............##.
...........##.###..........
.........#####@###.....#...
#........# #.#Y##..#.....# #
#.......#######Y..........## ..
...........##..Y.##........##$.
...###....###.###†#...h......#.
.. ##....)#.....#..Y..)......
####.#)(."/#...h.........
#.##...!.......#.......
##.≈........##....†.....


You could see 3 yaks.

Vanquished Creatures
  3 two-headed ogres
  An unseen horror (D:12)
  Pikel (D:4)
  An ugly thing (D:11)
  Maurice (D:11)
  Joseph (D:8)
  A centaur skeleton (D:11)
  3 kobold demonologists (D:10)
  A troll (D:10)
  Grinder (D:5)
  A hornet (D:8)
  2 hippogriffs (D:11)
  Sigmund (D:2)
  6 wraiths
  Eustachio (D:5)
  A basilisk (Lair:1)
  12 yaks
  A steam dragon (D:10)
  A hungry ghost (D:7)
  Menkaure (D:4)
  Duvessa (D:5)
  4 porcupines
  2 water moccasins
  A sky beast (D:11)
  4 orc warriors (D:10)
  An ice beast (D:5)
  2 phantoms
  3 black bears
  4 ogres
  3 centaurs
  25 wolves (Lair:1)
  A crocodile (Lair:1)
  8 big kobolds
  15 bullfrogs
  Dowan (D:5)
  2 scorpions
  5 killer bees (D:10)
  9 wights
  6 howler monkeys
  2 bullfrog zombies
  6 crimson imps
  4 hounds
  Crazy Yiuf (D:2)
  5 orc priests
  4 bullfrog skeletons
  2 gnoll shamans
  A jelly (D:4)
  10 orc wizards
  Terence (D:2)
  An iguana (D:5)
  7 worker ants
  Ijyb (D:5)
  Natasha (D:2)
  A killer bee zombie (D:5)
  A hound skeleton (D:6)
  A mummy (Ossuary)
  A howler monkey zombie (D:10)
  Robin (D:4)
  12 gnolls
  2 howler monkey skeletons
  15 adders
  2 river rats (Sewer)
  5 shadow imps
  An ooze (D:2)
  An adder zombie (D:6)
  2 adder skeletons
  2 worms
  6 dart slugs
  4 leopard geckos
  33 orcs
  4 giant cockroaches
  21 goblins
  12 hobgoblins
  8 jackals
  5 quokkas
  2 ball pythons
  12 bats
  4 frilled lizards
  9 gnoll skeletons (Ossuary)
  A jackal skeleton (D:5)
  24 kobolds
  4 kobold skeletons (Ossuary)
  A leopard gecko zombie (D:4)
  12 orc skeletons (Ossuary)
  2 quokka zombies (D:6)
  13 rats
  A rat zombie (D:6)
409 creatures vanquished.

Vanquished Creatures (others)
  A hound (D:4)
  A worker ant (D:4)
  An adder (D:4)
  2 orcs (D:4)
  A quokka skeleton (D:4)
  7 fungi (D:10)
  5 plants (D:10)
18 creatures vanquished.

Grand Total: 427 creatures vanquished

Notes
Turn   | Place    | Note
-------+----------+-------------------------------------------
     0 | D:1      | Borgoz the Ghoul Gladiator began the quest for the Orb.
     0 | D:1      | Reached XP level 1. HP: 17/17 MP: 0/0
   167 | D:1      | Reached XP level 2. HP: 24/24 MP: 1/1
   254 | D:1      | Reached skill level 1 in Armour
   781 | D:1      | Reached XP level 3. HP: 30/30 MP: 2/2
  1323 | D:2      | Found a runed translucent door.
  1324 | D:2      | Noticed Crazy Yiuf
  1360 | D:2      | Noticed Terence
  1378 | D:2      | Killed Terence
  1378 | D:2      | Reached skill level 1 in Stealth
  1378 | D:2      | Reached XP level 4. HP: 15/37 MP: 3/3
  1419 | D:2      | Noticed Sigmund
  1436 | D:2      | Killed Sigmund
  1436 | D:2      | Reached XP level 5. HP: 31/45 MP: 4/4
  1436 | D:2      | Reached XP level 6. HP: 35/51 MP: 5/5
  2008 | D:2      | Noticed Natasha
  2025 | D:2      | Killed Natasha
  2429 | D:2      | Killed Crazy Yiuf
  2853 | D:3      | Reached XP level 7. HP: 57/57 MP: 6/6
  3323 | D:4      | Noticed Pikel
  3343 | D:4      | Killed Pikel
  3343 | D:4      | Reached XP level 8. HP: 46/66 MP: 7/7
  3351 | D:4      | Found an ornate altar of the Wu Jian Council.
  3366 | D:4      | Found a staircase to the Ecumenical Temple.
  3382 | D:4      | Noticed Robin
  3383 | D:4      | Found a glowing drain.
  3399 | D:4      | Noticed Menkaure
  3407 | D:5      | Entered Level 5 of the Dungeon
  3430 | D:5      | Noticed Duvessa
  3473 | D:5      | Killed Duvessa
  3473 | D:5      | Reached skill level 5 in Short Blades
  3473 | D:5      | Reached skill level 5 in Dodging
  3476 | D:5      | Noticed Dowan
  3487 | D:5      | Killed Dowan
  3672 | D:5      | Noticed Grinder
  3713 | Sewer    | Entered a sewer
  3902 | Sewer    | Found a white marble altar of Elyvilon.
  3959 | D:4      | Killed Menkaure
  3965 | D:4      | Killed Robin
  4096 | D:4      | Found a transporter.
  4097 | D:4      | Found a transporter.
  4110 | D:4      | Found a white marble altar of Elyvilon.
  4110 | D:4      | Found a glowing silver altar of Zin.
  4155 | D:4      | Found a shadowy altar of Dithmenos.
  4353 | Temple   | Entered the Ecumenical Temple
  4615 | D:5      | Noticed Eustachio
  4705 | D:5      | Killed Eustachio
  4705 | D:5      | Reached skill level 5 in Armour
  4705 | D:5      | Reached XP level 9. HP: 60/72 MP: 8/8
  4739 | D:5      | Killed Grinder
  4839 | D:5      | Reached skill level 5 in Fighting
  5027 | D:5      | Found an ancient bone altar of Kikubaaqudgha.
  5031 | D:5      | Noticed Ijyb
  5045 | D:5      | Killed Ijyb
  5267 | D:5      | Found a shattered altar of Ashenzari.
  5341 | D:6      | Found a sand-covered staircase.
  5360 | Ossuary  | Entered an ossuary
  6076 | D:6      | Reached skill level 5 in Stealth
  6935 | D:6      | Found a shattered altar of Ashenzari.
  6994 | D:6      | Became a worshipper of Ashenzari the Shackled
  7084 | D:7      | Reached XP level 10. HP: 71/82 MP: 9/9
  8096 | D:8      | Found a transporter.
  8446 | D:8      | Noticed Joseph
  8470 | D:8      | Killed Joseph
  8941 | D:8      | Found a transporter.
  8944 | D:8      | Noticed Tramtrist's ghost (novice DDHu)
  8945 | D:8      | Noticed a moth of wrath
  9071 | D:9      | Reached * piety under Ashenzari
  9503 | D:10     | Entered Level 10 of the Dungeon
 10031 | D:10     | Found a staircase to the Lair.
 10052 | D:10     | Reached XP level 11. HP: 58/91 MP: 10/10
 10654 | D:10     | Learned a level 2 spell: Blink
 10657 | D:10     | Learned a level 2 spell: Slow
 10997 | D:10     | Found a staircase to the Orcish Mines.
 11094 | D:11     | Noticed a two-headed ogre
 11116 | D:11     | Noticed a two-headed ogre
 11292 | D:10     | Killed a two-headed ogre
 11292 | D:10     | Reached skill level 1 in Translocations
 11292 | D:10     | Reached skill level 1 in Evocations
 11338 | D:10     | Killed a two-headed ogre
 11338 | D:10     | Reached skill level 1 in Spellcasting
 11821 | D:11     | Noticed Maurice
 11864 | D:11     | Killed Maurice
 12289 | D:11     | Noticed a two-headed ogre
 12309 | D:11     | Killed a two-headed ogre
 12309 | D:11     | Reached XP level 12. HP: 41/99 MP: 13/13
 12756 | D:12     | Found the +5 scythe "Finisher" {speed, eviscerate}
 13047 | D:12     | Noticed Frances
 13545 | Lair:1   | Entered Level 1 of the Lair of Beasts
 13896 | Lair:1   | Slain by a yak

Skill      XL: |  1  2  3  4  5  6  7  8  9 10 11 12 |
---------------+-------------------------------------+-----
Armour         | 1 2 3 4 5 6 7 8 9 |  9.0
Dodging        | 3 4 5 6 8 9 |  9.5
Short Blades   | 3 4 5 6 8 9 |  9.4
Stealth        | 1 2 3 4 5 6 7 8 |  8.1
Fighting       | 3 4 5 6 7 |  7.8
Translocations | 2 |  2.9
Evocations     | 2 3 |  3.0
Spellcasting   | 1 2 |  2.5
Throwing       | |  1.7

Action                   |  1- 3 |  4- 6 |  7- 9 | 10-12 || total
-------------------------+-------+-------+-------+-------++-------
Melee: Rapier            |    85 |   223 |       |       ||   308
       Dagger            |       |    33 |   827 |  1676 ||  2536
Throw: Throwing net      |       |     3 |     2 |       ||     5
Evoke: Wand              |       |       |       |    21 ||    21
  Use: Potion            |     2 |     1 |     4 |    10 ||    17
       Scroll            |       |       |    15 |     7 ||    22
 Stab: Held in net/web   |       |     1 |       |       ||     1
       Sleeping          |       |       |     1 |     6 ||     7
  Eat: Chunk             |     3 |     7 |    26 |    54 ||    90
Armor: Leather armour    |    22 |       |       |       ||    22
       Scale mail        |       |   154 |   420 |   592 ||  1166
Dodge: Dodged            |    55 |   158 |   501 |   850 ||  1564
